 Dungeon Crawl Stone Soup version 0.31-a0-1074-g0b22e4e0f1 (webtiles) character file.

Game seed: 12418412318926410850

31286 olourkin the Cleaver (level 13, -34/123 HPs)
             Began as a Minotaur Fighter on Dec 2, 2023.
             Was the Champion of Okawaru.
             Annihilated by a titanic slime creature (78 damage)
             ... on level 12 of the Dungeon.
             The game lasted 01:03:51 (15938 turns).

olourkin the Cleaver (Minotaur Fighter)            Turns: 15938, Time: 01:03:51

Health: -34/123    AC: 22    Str: 19    XL:     13   Next: 25%
Magic:  12/12      EV: 11    Int:  5    God:    Okawaru [******]
Gold:   869        SH: 13    Dex: 13    Spells: 12/12 levels left

rFire   + + .        G - +10 whip of Ujyl {heavy, rElec rF+ Will+ Str-4}
rCold   + . .        E - +1 kite shield {reflect}
rNeg    . . .        k - +3 plate armour {rF+}
rPois   .            l - +0 hat "Luegitwi" {Fly rC+}
rElec   +            o - +0 cloak
rCorr   .            (no gloves)
SInv    .            r - +0 pair of boots
Will    +....        g - amulet of magic regeneration Stlth
                     f - +4 ring of slaying
HPRegen 0.40/turn    J - +5 ring of evasion
MPRegen 0.53/turn

%: reflection
@: flying
A: horns 2, retaliatory headbutt
a: Renounce Religion, Heroism, Finesse, Duel, Receive Armour


You were on level 12 of the Dungeon.
You worshipped Okawaru.
Okawaru was exalted by your worship.
You visited 3 branches of the dungeon, and saw 15 of its levels.
You also visited: Ossuary.

You collected 1439 gold pieces.
You spent 570 gold pieces at shops.

Inventory:

Hand Weapons
 a - a +5 war axe of flaming
 b - the +8 frozen axe "Frostbite" {freeze, freezing cloud, *Noise Fly rC+}
   (Okawaru gifted it to you on level 2 of the Orcish Mines)

   rC+:       It protects you from cold.
   Fly:       It grants you flight.
   *Noise:    It may make a loud noise when swung.
 y - a +0 war axe
 G - the +10 whip of Ujyl (weapon) {heavy, rElec rF+ Will+ Str-4}
   (You found it on level 12 of the Dungeon)

   Str-4:     It affects your strength (-4).
   rF+:       It protects you from fire.
   rElec:     It insulates you from electricity.
   Will+:     It increases your willpower.
Missiles
 c - 8 silver javelins
 e - 110 stones
 i - 12 boomerangs
 m - 4 javelins
 s - 38 poisoned darts (quivered)
 v - a datura-tipped dart
 x - 5 curare-tipped darts
Armour
 d - a +2 leather armour of fire resistance
 k - a +3 plate armour of fire resistance (worn)
 l - the +0 hat "Luegitwi" (worn) {Fly rC+}
   (You bought it in a shop on level 2 of the Orcish Mines)

   rC+:       It protects you from cold.
   Fly:       It grants you flight.
 n - a +1 plate armour of willpower
 o - a +0 cloak (worn)
 r - a +0 pair of boots (worn)
 u - +0 steam dragon scales
 E - a +1 kite shield of reflection (worn)
 I - a +0 troll leather armour
 R - a +2 scale mail of cold resistance
Jewellery
 f - a +4 ring of slaying (left hand)
 g - an amulet of magic regeneration (around neck)
 t - a +4 ring of slaying
 J - a +5 ring of evasion (right hand)
Wands
 h - a wand of paralysis (14)
 w - a wand of polymorph (9)
 N - a wand of iceblast (2)
 P - a wand of flame (7)
Scrolls
 p - 2 scrolls of amnesia
 z - 2 scrolls of revelation
 A - a scroll of teleportation
 C - a scroll of blinking
 D - a scroll of poison {!r}
Potions
 j - a potion of resistance
 q - 2 potions of heal wounds
 B - 3 potions of curing
 F - a potion of invisibility
 H - a potion of enlightenment
 K - 2 potions of berserk rage
 M - 2 potions of magic
 O - 2 potions of brilliance
Miscellaneous
 Q - a phial of floods


   Skills:
 + Level 13.8 Fighting
 - Level 14.7 Axes
 + Level 0.0(9.5) Maces & Flails
 + Level 13.7 Armour
 + Level 13.7 Shields


You had 12 spell levels left.
You didn't know any spells.
Your spell library contained the following spells:

 Spells                   Type           Power      Damage    Failure   Level
 Cigotuvi's Dreadful Rot  Necr/Pois/Air  0%         N/A       100%        2
 Sublimation of Blood     Necr           0%         N/A       100%        2
 Ignite Poison            Fire/Tmut/Pois 0%         N/A       100%        3
 Inner Flame              Hex/Fire       0%         N/A       100%        3
 Flame Wave               Conj/Fire      0%         2d4       100%        4
 Sticky Flame             Conj/Fire      0%         2d3       100%        4
 Freezing Cloud           Conj/Ice/Air   0%         6-21      100%        5


Dungeon Overview and Level Annotations

Branches:
Dungeon (12/15)            Temple (1/1) D:6            Lair (0/5) D:9
    Orc (2/2) D:10            Elf (0/3) Orc:2       Ossuary (visited)

Altars:
Ashenzari
Cheibriados
Dithmenos
Elyvilon
Fedhas
Gozag
Hepliaklqana
Kikubaaqudgha
Makhleb
Nemelex Xobeh
Okawaru
Qazlal
Ru
Sif Muna
Trog
Uskayaw
Vehumet
Wu Jian
Xom
Yredelemnul
Zin
The Shining One

Shops:
D:7 [   D:10 (   Orc:2 [=?==*

Annotations:
D:9 3 runed translucent doors, strifetoe's ghost, journeyman GrGl
D:12 Nessos


Innate Abilities, Weirdness & Mutations

You have a pair of horns on your head.
You reflexively headbutt those who attack you in melee.


Message History

The very large slime creature is moderately wounded.
You block the very large slime creature's attack.
You whack the very large slime creature!
You headbutt the very large slime creature!
The very large slime creature is heavily wounded.
The very large slime creature hits you but does no damage.
You thrash the very large slime creature!!
The very large slime creature is heavily wounded.
You block the very large slime creature's attack.
You thrash the very large slime creature!!
The very large slime creature is severely wounded.
The very large slime creature hits you!!!
The very large slime creature hits you but does no damage.
Two slime creatures merge to form an enormous slime creature.
You thrash the enormous slime creature!!
The enormous slime creature is severely wounded.
You thrash the enormous slime creature!!
The enormous slime creature is severely wounded.
Two slime creatures merge to form a titanic slime creature.
You thrash the titanic slime creature!!
You headbutt the titanic slime creature!
The titanic slime creature is severely wounded.
The titanic slime creature hits you!!!
* * * LOW HITPOINT WARNING * * *
Throw: 39 darts (poison)
Press: ? - help, Q - select action, (/) - cycle Shift-Dir - straight line, f - titanic slime creature
Aim: a titanic slime creature (severely wounded, 85% to hit)
You throw a poisoned dart.
The poisoned dart hits the titanic slime creature.
The titanic slime creature is severely wounded.
The titanic slime creature hits you but does no damage.
You block the titanic slime creature's attack.
The titanic slime creature attacks as it pursues you!
You block the titanic slime creature's attack.
The titanic slime creature attacks as it pursues you!
You block the titanic slime creature's attack.
There is a stone staircase leading up here.
The titanic slime creature hits you!!!!
Ouch! That really hurt!
You die...

#......#...........
#......####........
#.........#.......#
#.........'.......#
#.........#.......#
#.........#.......#
#.........#........
#.J.......#........
#.@..######........
..........#
.........
..........#
.........
..........#
..........#
..........#
..........#
..........'


You could see a titanic slime creature.

Vanquished Creatures
  Frances (D:12)
  2 orc warlords (Orc:2)
  4 ogre magi (Orc:2)
  17 two-headed ogres
  Urug (D:12)
  2 manticores
  A cyclops (D:11)
  An orc sorcerer (Orc:2)
  3 gargoyles (D:12)
  Maggie (D:6)
  5 trolls
  Prince Ribbit (D:8)
  Grinder (D:3)
  A shadow (D:11)
  2 wraiths
  Grum (D:10)
  A steam dragon (D:8)
  A basilisk (D:12)
  5 wargs
  3 acid dragons
  Duvessa (D:6)
  6 water moccasins
  19 orc warriors
  2 black bears (D:8)
  An ice beast (D:6)
  2 sky beasts
  A hornet zombie (Ossuary)
  22 ogres
  4 wolves (D:10)
  3 centaurs
  6 phantoms (D:8)
  4 kobold brigands
  A wyvern zombie (Ossuary)
  A gnoll sergeant (D:7)
  3 bullfrogs
  3 scorpions (D:8)
  A water moccasin zombie (Ossuary)
  10 wights
  Dowan (D:6)
  4 killer bees (D:8)
  4 howler monkeys
  7 bullfrog zombies (Ossuary)
  6 centaur zombies
  3 jellies
  4 hounds
  A gnoll bouda (D:6)
  10 orc priests
  Ijyb (D:4)
  4 iguanas
  2 scorpion zombies (D:8)
  6 sleepcaps
  13 orc wizards
  Terence (D:2)
  5 killer bee zombies
  15 mummies
  5 howler monkey zombies (Ossuary)
  Robin (D:2)
  3 gnolls (D:7)
  9 adders
  13 shadow imps
  3 white imps
  A worm (D:2)
  3 dart slugs
  59 orcs
  9 endoplasms
  5 giant cockroaches
  7 goblins
  9 hobgoblins
  5 jackals
  A quokka (D:1)
  5 ball pythons
  4 bats (D:1)
  2 frilled lizards
  26 kobolds
  2 orc zombies (D:8)
  9 rats
412 creatures vanquished.

Vanquished Creatures (others)
  A kobold brigand (D:9)
1 creature vanquished.

Grand Total: 413 creatures vanquished

Notes
Turn   | Place    | Note
-------+----------+-------------------------------------------
     0 | D:1      | olourkin the Minotaur Fighter began the quest for the Orb.
     0 | D:1      | Reached XP level 1. HP: 19/19 MP: 0/0
   219 | D:1      | Reached XP level 2. HP: 25/27 MP: 1/1
   622 | D:2      | Reached XP level 3. HP: 31/33 MP: 2/2
   982 | D:2      | Noticed Terence
   986 | D:2      | Killed Terence
   987 | D:2      | Reached XP level 4. HP: 32/41 MP: 3/3
  1156 | D:2      | Noticed Robin
  1165 | D:2      | Killed Robin
  1588 | D:3      | Reached skill level 5 in Armour
  1588 | D:3      | Reached XP level 5. HP: 47/47 MP: 4/4
  1589 | D:3      | Noticed Grinder
  1636 | D:3      | Killed Grinder
  1637 | D:3      | Reached skill level 5 in Fighting
  1637 | D:3      | Reached skill level 5 in Shields
  1637 | D:3      | Reached XP level 6. HP: 42/57 MP: 5/5
  2735 | D:4      | Noticed Ijyb
  2770 | D:4      | Killed Ijyb
  2991 | D:4      | Noticed Sigmund
  2995 | D:4      | Sigmund changed into Sigmund the dart slug
  2995 | D:4      | Noticed Sigmund
  2999 | D:4      | Killed Sigmund the dart slug
  3250 | D:5      | Entered Level 5 of the Dungeon
  3285 | D:5      | Found a glowing golden altar of the Shining One.
  3291 | D:5      | Found a shimmering altar of Xom.
  3294 | D:5      | Found a broken altar of Ashenzari.
  3334 | D:5      | Reached XP level 7. HP: 48/63 MP: 6/6
  3628 | D:5      | You fall into a shaft and drop 2 floors!
  3995 | D:5      | Found a bloodstained altar of Trog.
  4008 | D:5      | Found a shimmering blue altar of Sif Muna.
  4027 | D:5      | Got Sif Muna's Textbook on Shadows
  4041 | D:5      | Reached XP level 8. HP: 73/73 MP: 7/7
  4734 | D:6      | Noticed Maggie
  4747 | D:6      | Killed Maggie
  5060 | D:6      | Found a staircase to the Ecumenical Temple.
  5110 | Temple   | Entered the Ecumenical Temple
  5133 | Temple   | Became a worshipper of Warmaster Okawaru
  5339 | D:6      | Noticed a two-headed ogre
  5344 | D:6      | Killed a two-headed ogre
  5344 | D:6      | Reached * piety under Okawaru
  5345 | D:6      | Reached XP level 9. HP: 84/84 MP: 8/8
  5459 | D:6      | Noticed Dowan
  5461 | D:6      | Noticed Duvessa
  5469 | D:6      | Killed Duvessa
  5470 | D:6      | Reached skill level 3 in Axes
  5470 | D:6      | Killed Dowan
  5886 | D:7      | Found Ijodd's Armour Boutique.
  5955 | D:7      | Reached skill level 4 in Axes
  6950 | D:8      | Reached skill level 5 in Axes
  6960 | D:8      | Reached ** piety under Okawaru
  6961 | D:8      | Reached skill level 10 in Fighting
  7005 | D:8      | Reached skill level 10 in Armour
  7007 | D:8      | Reached skill level 10 in Shields
  7019 | D:8      | Noticed a troll
  7029 | D:8      | Killed a troll
  7030 | D:8      | Reached skill level 6 in Axes
  7030 | D:8      | Reached XP level 10. HP: 88/93 MP: 9/9
  7069 | D:8      | Noticed Prince Ribbit
  7080 | D:8      | Killed Prince Ribbit
  7201 | D:8      | Reached *** piety under Okawaru
  7237 | D:8      | Reached skill level 7 in Axes
  7328 | D:8      | Found a sand-covered staircase.
  7335 | Ossuary  | Entered an ossuary
  7809 | D:8      | Reached skill level 8 in Axes
  8238 | D:8      | Reached **** piety under Okawaru
  8981 | D:9      | Found a staircase to the Lair.
  8994 | D:9      | Reached skill level 9 in Axes
  9272 | D:9      | Found a runed translucent gate.
  9272 | D:9      | Found a runed translucent gate.
  9274 | D:9      | Found an opulent altar of Gozag.
  9274 | D:9      | Found a runed translucent gate.
  9274 | D:9      | Noticed a centaur warrior
  9276 | D:9      | Noticed strifetoe's ghost (journeyman GrGl)
  9294 | D:9      | Reached XP level 11. HP: 95/102 MP: 10/10
  9854 | D:10     | Entered Level 10 of the Dungeon
  9884 | D:10     | Noticed a two-headed ogre
  9892 | D:10     | Killed a two-headed ogre
  9910 | D:10     | Noticed Grum
  9919 | D:10     | Reached ***** piety under Okawaru
  9924 | D:10     | Killed Grum
 10107 | D:10     | Found a staircase to the Orcish Mines.
 10309 | D:10     | Found Fiorpho's Antique Weapon Emporium.
 10431 | D:10     | Reached skill level 10 in Axes
 10657 | Orc:1    | Entered Level 1 of the Orcish Mines
 11409 | Orc:2    | Entered Level 2 of the Orcish Mines
 11435 | Orc:2    | Noticed an orc warlord
 11839 | Orc:2    | Noticed a two-headed ogre
 11848 | Orc:2    | Noticed an ogre mage
 11872 | Orc:2    | Killed an ogre mage
 11873 | Orc:2    | Noticed an ogre mage
 11884 | Orc:2    | Killed an ogre mage
 11884 | Orc:2    | Received a gift from Okawaru
 11885 | Orc:2    | Reached skill level 11 in Axes
 12005 | Orc:2    | Noticed a two-headed ogre
 12014 | Orc:2    | Killed a two-headed ogre
 12024 | Orc:2    | Noticed a two-headed ogre
 12028 | Orc:2    | Killed a two-headed ogre
 12029 | Orc:2    | Noticed a two-headed ogre
 12036 | Orc:2    | Killed a two-headed ogre
 12036 | Orc:2    | Received a gift from Okawaru
 12053 | Orc:2    | Noticed a two-headed ogre
 12061 | Orc:2    | Killed a two-headed ogre
 12086 | Orc:2    | Noticed a two-headed ogre
 12088 | Orc:2    | Noticed a two-headed ogre
 12090 | Orc:2    | Noticed a two-headed ogre
 12093 | Orc:2    | Killed a two-headed ogre
 12093 | Orc:2    | Reached ****** piety under Okawaru
 12094 | Orc:2    | Reached XP level 12. HP: 113/113 MP: 11/11
 12096 | Orc:2    | Killed a two-headed ogre
 12097 | Orc:2    | Reached skill level 12 in Axes
 12098 | Orc:2    | Killed a two-headed ogre
 12140 | Orc:2    | Noticed a two-headed ogre
 12145 | Orc:2    | Killed a two-headed ogre
 12148 | Orc:2    | Killed a two-headed ogre
 12156 | Orc:2    | Noticed a two-headed ogre
 12158 | Orc:2    | Noticed an ogre mage
 12163 | Orc:2    | Killed a two-headed ogre
 12172 | Orc:2    | Noticed a two-headed ogre
 12174 | Orc:2    | Killed an ogre mage
 12174 | Orc:2    | Received a gift from Okawaru
 12175 | Orc:2    | Noticed a two-headed ogre
 12180 | Orc:2    | Killed a two-headed ogre
 12181 | Orc:2    | Reached skill level 13 in Axes
 12182 | Orc:2    | Killed a two-headed ogre
 12458 | Orc:2    | Noticed a two-headed ogre
 12459 | Orc:2    | Noticed a two-headed ogre
 12484 | Orc:2    | Killed a two-headed ogre
 12488 | Orc:2    | Killed a two-headed ogre
 12536 | Orc:2    | Found Zeyneq's Jewellery Boutique.
 12536 | Orc:2    | Found Ywea's Jewellery Shoppe.
 12537 | Orc:2    | Found Suhohero's Magic Scroll Shoppe.
 12537 | Orc:2    | Found Emiecoul's Antique Armour Shop.
 12544 | Orc:2    | Noticed an ogre mage
 12563 | Orc:2    | Killed an ogre mage
 12574 | Orc:2    | Bought a polished hat for 324 gold pieces
 12574 | Orc:2    | Identified the +0 hat "Luegitwi" {Fly rC+} (You bought it
                  | in a shop on level 2 of the Orcish Mines)
 12743 | Orc:2    | Killed an orc warlord
 12771 | Orc:2    | Found Auarigef's Alliterative Armaments.
 12775 | Orc:2    | Found a staircase to the Elven Halls.
 13038 | Orc:2    | Received a gift from Okawaru
 13092 | Orc:2    | Found Dyschyigh's Jewellery Emporium.
 13116 | Orc:2    | Noticed an orc warlord
 13133 | Orc:2    | Reached skill level 14 in Axes
 13456 | Orc:2    | Killed an orc warlord
 13587 | Orc:2    | Acquired the +8 frozen axe "Frostbite" {freeze, freezing
                  | cloud, *Noise Fly rC+}
 13587 | Orc:2    | Received a gift from Okawaru
 13587 | Orc:2    | Found the +8 frozen axe "Frostbite" {freeze, freezing
                  | cloud, *Noise Fly rC+}
 13845 | Orc:2    | Bought a scroll of revelation for 82 gold pieces
 13845 | Orc:2    | Bought a scroll of blinking for 82 gold pieces
 13845 | Orc:2    | Bought a scroll of enchant weapon for 82 gold pieces
 14482 | D:11     | Reached XP level 13. HP: 88/122 MP: 12/12
 15126 | D:12     | Noticed Nessos
 15318 | D:12     | Noticed Frances
 15327 | D:12     | Killed Frances
 15478 | D:12     | Noticed Urug
 15487 | D:12     | Killed Urug
 15487 | D:12     | Received a gift from Okawaru
 15840 | D:12     | Identified the +10 whip of Ujyl {heavy, rElec rF+ Will+
                  | Str-4}
 15938 | D:12     | Annihilated by a titanic slime creature

Illustrated notes

Levels and vault maps discovered:
D:1:      saegor_arrival_under_anarchy, layout_basic, minmay_hexomino_p4
D:2:      layout_basic, nicolae_elevator_lobby_asterisk, uniq_terence,
          uniq_robin
D:3:      layout_basic, uniq_grinder
D:4:      layout_basic, ebering_dispersal_statue_hall, uniq_sigmund, uniq_ijyb
D:5:      layout_cave_pools, nzn_overflow_gifts_of_might_and_magic,
          grunt_temple_overflow_open, chequers_serial_rivers_large_a
D:6:      minmay_inner_zag, layout_basic, temple_doors_cd, kennysheep_boxes,
          uniq_maggie, uniq_duvessa
D:7:      layout_basic, nicolae_inconvenience_store, kennysheep_generic_room_7
D:8:      bobbens_index_wilting_gardens, layout_basic,
          nicolae_ossuary_entry_giza, st_stairs_7, uniq_prince_ribbit1
D:9:      layout_loops_ring, lair_entry_dummy, ebering_ghost_gozag
D:10:     layout_irregular_city, orc_0_dummy, serial_column_ruins,
          column_ruins_hut_ruined, column_ruins_hut_ruined,
          column_ruins_open_medium, column_ruins_open_medium,
          column_ruins_columns_dead_end, column_ruins_open_medium,
          column_ruins_grid_1, column_ruins_open_small, serial_shops, shop,
          uniq_grum
D:11:     layout_loops_corners, hangedman_abyss_or_decor_passed
D:12:     layout_irregular_city, uniq_urug, uniq_frances, uniq_nessos
Temple:   bh_familiar_temple
Orc:1:    layout_diamond_mine
Orc:2:    st_orc_ogre_mass, layout_diamond_mine, serial_shops, shop,
          monkooky_shop_alliterative

Skill      XL: |  1  2  3  4  5  6  7  8  9 10 11 12 |
---------------+-------------------------------------+-----
Fighting       | 4 5 6 7 9 10 11 12 13 | 13.8
Armour         | 4 5 6 7 9 10 11 12 13 | 13.7
Shields        | 4 5 6 7 9 10 11 12 13 | 13.7
Axes           | 6 9 11 14 | 14.7

Action                     |  1- 3 |  4- 6 |  7- 9 | 10-12 | 13-15 || total
---------------------------+-------+-------+-------+-------+-------++-------
  Melee: War axe           |    84 |   119 |   193 |   531 |       ||   927
         Headbutt          |    12 |    16 |    42 |   118 |    16 ||   204
         Unarmed           |       |    18 |       |       |       ||    18
         Executioner's axe |       |       |       |     7 |    37 ||    44
         Whip              |       |       |       |       |     9 ||     9
  Throw: Stone             |       |       |     3 |       |       ||     3
         Dart              |       |       |    10 |    42 |     9 ||    61
         Boomerang         |       |       |       |    22 |       ||    22
 Invoke: Heroism           |       |       |       |     2 |       ||     2
         Receive Weapon    |       |       |       |     1 |       ||     1
         Finesse           |       |       |       |       |     1 ||     1
  Evoke: Wand              |       |     4 |       |     6 |       ||    10
    Use: Scroll            |       |       |    10 |    15 |     1 ||    26
         Potion            |       |       |     3 |     4 |     4 ||    11
   Stab: Sleeping          |       |       |     1 |       |       ||     1
         Distracted        |       |       |       |     2 |       ||     2
 Armour: Scale mail        |    66 |    66 |    81 |    41 |       ||   254
         Skin              |       |     7 |       |       |       ||     7
         Steam dragon scal |       |       |    10 |       |       ||    10
         Leather armour    |       |       |    53 |    66 |       ||   119
         Plate armour      |       |       |       |   101 |    50 ||   151
  Dodge: Dodged            |    37 |    42 |    76 |   131 |    29 ||   315
  Block: Buckler           |    17 |    30 |    44 |       |       ||    91
         Kite shield       |       |       |    23 |   253 |     9 ||   285
         Reflection        |       |       |     6 |    15 |     2 ||    23

Table legend: (Time is in decaauts)
 A = Elapsed time spent in this place.
 B = Non-inter-level travel time spent in this place.
 C = Inter-level travel time spent in this place.
 D = Time resting spent in this place.
 E = Time spent auto-exploring this place.
 F = Levels seen in this place.
 G = Mean time per level.
                   A        B        C        D        E       F      G
               +--------+--------+--------+--------+--------+-----+--------+
         Total |  16159 |  15545 |    614 |   4198 |   7808 |  16 | 1009.9 |
       Dungeon |  12409 |  11970 |    439 |   2800 |   6735 |  12 | 1034.1 |
        Temple |     45 |      2 |     43 |      0 |      0 |   1 |   45.0 |
  Orcish Mines |   3282 |   3150 |    132 |   1377 |    912 |   2 | 1641.0 |
       Ossuary |    421 |    421 |      0 |     21 |    160 |   1 |  421.0 |
               +--------+--------+--------+--------+--------+-----+--------+

Top non-repeatable levels by time:
   Orc:2: 1991 daAuts
     D:8: 1706 daAuts
     D:6: 1387 daAuts
   Orc:1: 1291 daAuts
     D:7: 1268 daAuts
     D:2: 1083 daAuts
     D:5: 1056 daAuts
    D:11: 985 daAuts
    D:12: 972 daAuts
     D:9: 879 daAuts
     D:4: 864 daAuts
    D:10: 824 daAuts
     D:3: 807 daAuts
     D:1: 574 daAuts
 Ossuary: 421 daAuts
